 Dungeon Crawl Stone Soup version 0.30-a0-137-gd8773701ce (webtiles) character file.

Game seed: 1019523129948954252

135 zishaf the Sneak (level 5, -4/27 HPs)
             Began as a Vine Stalker Brigand on Sept 23, 2022.
             Slain by Edmund
             ... wielding a +2 flail of protection
              (6 damage)
             ... on level 4 of the Dungeon.
             The game lasted 00:03:30 (2144 turns).

zishaf the Sneak (Vine Stalker Brigand)             Turns: 2144, Time: 00:03:30

Health: -4/27      AC: 15    Str: 14    XL:     5   Next: 18%
Magic:  0/6        EV: 10    Int: 11    God:
Gold:   198        SH:  0    Dex: 17    Spells: 4/4 levels left

rFire   . . .      SeeInvis .    p - +1 dagger (protect)
rCold   . . .      Faith    .    (no shield)
rNeg    . . .      Spirit   +    m - +0 ring mail
rPois   .          Reflect  .    (no helmet)
rElec   .          Harm     .    c - +0 cloak
rCorr   .          Rampage  .    (no gloves)
Will    .....                    (no boots)
Stlth   +++.......               (no amulet)
HPRegen 0.89/turn                (no ring)
MPRegen 0.10/turn                (no ring)

@: under a protective aura
A: fangs 2, regeneration 1, magic shield, antimagic bite, no potion heal 2,
iridescent scales 1, sense surroundings 1
a: no special abilities


You were on level 4 of the Dungeon.
You visited 1 branch of the dungeon, and saw 4 of its levels.

You collected 198 gold pieces.

Inventory:

Hand Weapons
 a - a +2 dagger
 p - a +1 dagger of protection (weapon)
Missiles
 d - 15 poisoned darts (quivered)
 e - 3 curare-tipped darts
Armour
 b - a +0 robe
 c - a +0 cloak (worn)
 i - a +0 leather armour
 m - a +0 ring mail (worn)
Wands
 u - a wand of iceblast (8)
Scrolls
 f - 2 scrolls of noise {unknown}
 g - 3 scrolls of identify {unknown}
 j - a scroll of magic mapping {unknown}
 l - 5 scrolls of poison {unknown}
 n - 2 scrolls of amnesia {unknown}
 o - a scroll of blinking {unknown}
 s - 3 scrolls of butterflies {unknown}
 v - a scroll of fear {unknown}
Potions
 h - 2 potions of might {unknown}
 k - 2 potions of mutation
 q - a potion of curing {unknown}
 r - 2 potions of attraction {unknown}
 t - a potion of ambrosia {unknown}


   Skills:
 + Level 2.7 Fighting
 + Level 2.7 Short Blades
 + Level 2.7 Throwing
 - Level 0.7 Dodging
 + Level 5.7 Stealth
 + Level 0.7 Evocations


You had 4 spell levels left.
You didn't know any spells.
Your spell library contained the following spells:

 Spells                   Type           Power      Damage    Failure   Level
 Magic Dart               Conj           0%         1d3       58%         1
 Slow                     Hex            0%         N/A       58%         1
 Call Imp                 Summ           0%         N/A       73%         2
 Confusing Touch          Hex            0%         N/A       91%         3
 Mephitic Cloud           Conj/Pois/Air  0%         N/A       91%         3
 Vampiric Draining        Necr           0%         2d6       91%         3


Dungeon Overview and Level Annotations

Branches:
Dungeon (4/15)
 Temple: D:4-7

Altars:
The Shining One

Shops:
D:2 ?   D:4 (

Annotations:
D:4 Edmund


Innate Abilities, Weirdness & Mutations

You have extremely sharp teeth.
Your natural rate of healing is unusually fast.
When hurt, damage is shared between your health and your magic reserves.
Your bite disrupts and absorbs the magic of your enemies.
Potions cannot restore your health.
You are partially covered in iridescent scales. (AC +2)
You passively map a small area around you.


Message History

You closely miss Edmund.
Edmund is lightly wounded.
Edmund hits you with a +2 flail of protection.
You hit Edmund.
Edmund is lightly wounded.
Edmund completely misses you.
You hit Edmund but do no damage. You bite Edmund, but do no damage.
Edmund is lightly wounded.
Edmund hits you with a +2 flail of protection.
You hit Edmund but do no damage. You bite Edmund, but do no damage.
Edmund is lightly wounded.
Edmund hits you with a +2 flail of protection.
You hit Edmund but do no damage. You bite Edmund, but do no damage.
Edmund is lightly wounded.
Edmund hits you but does no damage.
You hit Edmund but do no damage.
Edmund is lightly wounded.
You hit Edmund but do no damage. You punch Edmund, but do no damage.
Edmund is lightly wounded.
Edmund misses you.
You hit Edmund.
Edmund is lightly wounded.
Edmund hits you but does no damage.
You hit Edmund but do no damage. Your bite misses Edmund.
Edmund is lightly wounded.
Edmund hits you with a +2 flail of protection.
You hit Edmund but do no damage. You bite Edmund, but do no damage.
Edmund is lightly wounded.
Edmund hits you with a +2 flail of protection.
* * * LOW HITPOINT WARNING * * *
You hit Edmund but do no damage. Your bite misses Edmund.
Edmund is lightly wounded.
Edmund hits you with a +2 flail of protection!
* * * LOW HITPOINT WARNING * * *
Unknown command.
It was a potion of mutation.
You feel extremely strange.
You feel a strange attunement to the structure of the dungeons.
Iridescent scales grow over part of your body.
Edmund hits you with a +2 flail of protection!
You die...

* , * ...# * ...##, ,
* * #..#. ** #.......#
* , * ,.# , ...#....#
. ,... #+##..,....##
.. .(.# #.##.#
#....#.#. #.$.,#.##@#
#...)....
#..##∩##@###!......# *
####..≈.'....#....#...
,
......≈.'.............
, *
......#<####..#..####.
###...#.#........#
###.#.###..#....# , .
#+# #.##../... , * * #
.., ##.....


You could see Edmund.

Vanquished Creatures
  An iguana (D:4)
  An orc wizard (D:3)
  An adder (D:2)
  A dart slug (D:2)
  3 orcs (D:3)
  9 endoplasms
  6 giant cockroaches
  9 hobgoblins
  3 quokkas
  4 ball pythons
  4 bats
  2 frilled lizards
  4 goblins
  4 kobolds
  7 rats
59 creatures vanquished.

Vanquished Creatures (others)
  An adder (D:3)
1 creature vanquished.

Grand Total: 60 creatures vanquished

Notes
Turn   | Place    | Note
-------+----------+-------------------------------------------
     0 | D:1      | zishaf the Vine Stalker Brigand began the quest for the
                  | Orb.
     0 | D:1      | Reached XP level 1. HP: 11/11 MP: 2/2
   131 | D:1      | Reached skill level 5 in Stealth
   131 | D:1      | Reached XP level 2. HP: 15/15 MP: 3/3
   704 | D:1      | Reached XP level 3. HP: 18/18 MP: 4/4
  1002 | D:2      | Found a glowing golden altar of the Shining One.
  1002 | D:2      | Found Citzaomp's Magic Scroll Boutique.
  1495 | D:2      | Found a faded altar of an unknown god.
  1661 | D:2      | Gained mutation: Your natural rate of healing is unusually
                  | fast. [Vine Stalker growth]
  1661 | D:2      | Reached XP level 4. HP: 2/23 MP: 1/5
  1662 | D:2      | HP: 1/23 [frozen (3)]
  2097 | D:4      | Found Pasekkuf's Weapon Boutique.
  2109 | D:4      | Noticed Edmund
  2130 | D:4      | Reached XP level 5. HP: 14/27 MP: 4/6
  2143 | D:4      | HP: 1/27 [Edmund/+2 flail of protection (7)]
  2144 | D:4      | Gained mutation: You passively map a small area around you.
                  | [potion of mutation]
  2144 | D:4      | Gained mutation: You are partially covered in iridescent
                  | scales. (AC +2) [potion of mutation]
  2144 | D:4      | Slain by Edmund

Illustrated notes

Levels and vault maps discovered:
D:1:      psy_arrival_radial01, layout_loops_ring, nrook_mini_vaults
D:2:      layout_rooms, basic_altar, serial_shops, shop, serial_aquarium,
          aquarium_bridge_square [aquarium_subvault_window,
          aquarium_subvault_wall, aquarium_subvault_bridge,
          aquarium_subvault_bridge], aquarium_window_fake,
          aquarium_window_corridor_3, aquarium_window_fake, aquarium_view_2a,
          aquarium_balcony_3a, aquarium_pool_split,
          hellmonk_ecumenical_altar_lost_god
D:3:      layout_rooms
D:4:      layout_rooms, kiku_gazebo_garden_becter, serial_shops,
          nicolae_shop_hallway_stairs, serial_glass, glass_columns_b,
          glass_columns_c, minmay_misc_feat_x, uniq_edmund

Skill      XL: |  1  2 |
---------------+-------+-----
Stealth        | 5 |  5.7
Fighting       | 2 |  2.7
Short Blades   | 2 |  2.7
Throwing       | 2 |  2.7
Dodging        | |  0.7
Evocations     | |  0.7

Action                   |  1- 3 |  4- 6 || total
-------------------------+-------+-------++-------
Melee: Dagger            |    85 |    99 ||   184
       Bite              |    16 |    25 ||    41
       Punch             |     1 |     2 ||     3
  Use: Potion            |       |     1 ||     1
 Stab: Sleeping          |    15 |     3 ||    18
       Distracted        |     1 |       ||     1
Armor: Robe              |     1 |       ||     1
       Leather armour    |     6 |       ||     6
       Ring mail         |    17 |    37 ||    54
Dodge: Dodged            |    41 |    39 ||    80

Table legend: (Time is in decaauts)
 A = Elapsed time spent in this place.
 B = Non-inter-level travel time spent in this place.
 C = Inter-level travel time spent in this place.
 D = Time resting spent in this place.
 E = Time spent auto-exploring this place.
 F = Levels seen in this place.
 G = Mean time per level.
                   A        B        C        D        E       F      G
               +--------+--------+--------+--------+--------+-----+--------+
         Total |   2123 |   2032 |     91 |     13 |   1547 |   4 |  530.8 |
       Dungeon |   2123 |   2032 |     91 |     13 |   1547 |   4 |  530.8 |
               +--------+--------+--------+--------+--------+-----+--------+

Top non-repeatable levels by time:
     D:1: 965 daAuts
     D:2: 710 daAuts
     D:3: 404 daAuts
     D:4: 43 daAuts
